 Dungeon Crawl Stone Soup version 0.28-a0-991-g956f0ee3d5 (webtiles) character file.

Game seed: 7039234560397071624

29166 vurker the Zephyrmancer (level 12, -9/104 HPs)
             Began as a Demigod Air Elementalist on Dec 4, 2021.
             Killed by an exploding ball lightning (19 damage)
             ... on level 4 of the Lair of Beasts.
             The game lasted 00:23:01 (24171 turns).

vurker the Zephyrmancer (Demigod Air Elementalist) Turns: 24171, Time: 00:23:01

Health: -9/104     AC: 20    Str:  9    XL:     12   Next: 81%
Magic:  34/41      EV: 11    Int: 33    God:
Gold:   817        SH:  0    Dex: 16    Spells: 8/34 levels left

rFire   . . .      SeeInvis .   M - +2 dagger (venom)
rCold   . . .      Faith    .   (no shield)
rNeg    . . .      Spirit   .   D - +1 leather armour {rPois}
rPois   +          Reflect  .   C - +0 helmet
rElec   .          Harm     .   j - +0 cloak
rCorr   .          Rampage  .   m - +2 pair of gloves
Will    +....                   k - +2 pair of boots
Stlth   ++........              B - amulet of Perfectionism {RegenMP MP+9 Dex+2}
HPRegen 0.27/turn               g - +4 ring of protection
MPRegen 0.67/turn               A - +4 ring of protection

@: no status effects
A: high mp 1, forlorn, divine attributes
a: no special abilities


You were on level 4 of the Lair of Beasts.
You visited 2 branches of the dungeon, and saw 16 of its levels.
You also visited: Sewer.

You collected 817 gold pieces.

Inventory:

Hand Weapons
 M - a +2 dagger of venom (weapon)
   (You took it off a kobold on level 3 of the Dungeon)
Armour
 j - a +0 cloak (worn)
   (You took it off Crazy Yiuf on level 3 of the Dungeon)
 k - a +2 pair of boots (worn)
   (You found it on level 6 of the Dungeon)
 m - a +2 pair of gloves (worn)
   (You found it in a sewer)
 C - a +0 helmet (worn)
   (You found it on level 3 of the Dungeon)
 D - a +1 leather armour of poison resistance (worn)
   (You found it on level 7 of the Dungeon)
 G - a +2 kite shield
   (You found it on level 3 of the Lair of Beasts)
 N - a +1 robe of willpower
   (You found it on level 1 of the Lair of Beasts)
Magical Staves
 O - a staff of earth
   (You found it on level 2 of the Lair of Beasts)
Jewellery
 g - a +4 ring of protection (left hand)
   (You found it on level 2 of the Dungeon)
 p - a ring of see invisible
   (You found it on level 6 of the Dungeon)
 w - a ring of willpower
   (You found it on level 5 of the Dungeon)
 A - a +4 ring of protection (right hand)
   (You found it on level 3 of the Lair of Beasts)
 B - the amulet of Perfectionism (around neck) {RegenMP MP+9 Dex+2}
   (You acquired it on level 2 of the Lair of Beasts)

   [amulet of magic regeneration]

   It increases your rate of magic regeneration.
   Dex:       It affects your dexterity (+2).
   MP:        It affects your magic capacity (+9).
 E - a ring of wizardry
   (You found it on level 3 of the Dungeon)
 K - a ring of ice
   (You found it on level 11 of the Dungeon)
 L - a ring of the Octopus King {rC+ AC+1 EV+1 Str+1 Int+1 Dex+1}
   (You found it on level 11 of the Dungeon)

   [ring of protection from cold]

   AC:        It affects your AC (+1).
   EV:        It affects your evasion (+1).
   Str:       It affects your strength (+1).
   Int:       It affects your intelligence (+1).
   Dex:       It affects your dexterity (+1).
   rC:        It protects you from cold.
Wands
 d - a wand of iceblast (2)
   (You found it on level 4 of the Lair of Beasts)
 t - a wand of flame (87)
   (You found it on level 7 of the Dungeon)
 v - a wand of digging (3)
   (You found it on level 8 of the Dungeon)
 x - a wand of acid (3)
   (You found it on level 1 of the Lair of Beasts)
 P - a wand of mindburst (3)
   (You found it on level 2 of the Lair of Beasts)
Scrolls
 b - 8 scrolls of teleportation
 e - 3 scrolls of fear
 f - 2 scrolls of blinking
 n - a scroll of fog
 y - 6 scrolls of magic mapping
 z - 3 scrolls of immolation
 F - 3 scrolls of enchant weapon
 H - 2 scrolls of identify
 I - 2 scrolls of amnesia
 J - a scroll of enchant armour
Potions
 a - 3 potions of mutation
 c - 6 potions of magic
 h - 2 potions of flight
 i - 2 potions of lignification
 l - 5 potions of curing
 o - 4 potions of invisibility
 q - 3 potions of cancellation
 r - 3 potions of brilliance
 s - 2 potions of haste
 u - 4 potions of heal wounds


   Skills:
 + Level 9.0 Fighting
 - Level 1.7 Dodging
 - Level 1.7 Stealth
 * Level 11.8 Spellcasting
 - Level 5.0 Conjurations
 * Level 2.0 Ice Magic
 + Level 12.9 Air Magic


You had 8 spell levels left.
You knew the following spells:

 Your Spells              Type           Power      Damage    Failure   Level
a - Shock                 Conj/Air       100%       1d9       1%          1
b - Maxwell's Capacitive  Air            40%        ∞         71%         8
c - Airstrike             Air            40%        N/A       1%          4
d - Ozocubu's Refrigerat  Ice            16%        4d8       100%        7
q - Conjure Ball Lightni  Conj/Air       34%        3x3d11    13%         6

Your spell library contained the following spells:

 Spells                   Type           Power      Damage    Failure   Level
 Corpse Rot               Necr/Air       100%       N/A       1%          2
 Poisonous Vapours        Pois/Air       100%       N/A       1%          2
 Static Discharge         Conj/Air       68%        N/A       1%          2
 Swiftness                Air            81%        N/A       1%          3
 Summon Lightning Spire   Summ/Air       58%        N/A       2%          4
 Ensorcelled Hibernation  Hex/Ice        52%        N/A       3%          2
 Silence                  Hex/Air        29%        N/A       6%          5
 Call Canine Familiar     Summ           19%        N/A       10%         3
 Gell's Gravitas          Tloc           19%        N/A       10%         3
 Inner Flame              Hex/Fire       19%        N/A       10%         3
 Portal Projectile        Hex/Tloc       38%        N/A       10%         3
 Spider Form              Tmut/Pois      19%        N/A       10%         3
 Teleport Other           Tloc           19%        N/A       10%         3
 Cause Fear               Hex            9%         N/A       32%         4
 Leda's Liquefaction      Hex/Erth       9%         N/A       32%         4
 Olgreb's Toxic Radiance  Pois           19%        N/A       32%         4
 Storm Form               Tmut/Air       29%        N/A       89%         7
 Dispersal                Tloc           9%         N/A       99%         6
 Discord                  Hex            9%         N/A       100%        8
 Ignition                 Fire           9%         3d5       100%        8


Dungeon Overview and Level Annotations

Branches:
Dungeon (12/15)            Temple (0/1) D:4            Lair (4/6) D:11
 Shoals (0/4) Lair:2       Spider (0/4) Lair:3          Orc (0/2) D:11
  Sewer (visited)

Shops:
D:8 [   D:9 [

Annotations:
D:8 3 runed translucent doors, Sassenached's ghost, novice GnWn


Innate Abilities, Weirdness & Mutations

You have an increased reservoir of magic. (+10% MP)
You shall have no god before yourself.
Your divine heritage dramatically boosts your attributes as you level up.


Message History

A yak comes into view.
You swap places.
Your ball lightning explodes!
The blast of lightning engulfs you!!
The blast of lightning engulfs your ball lightning.
Your ball lightning completely resists.
The blast of lightning engulfs your ball lightning.
Your ball lightning completely resists.
The blast of lightning engulfs the yak!!
You hear a bellow!
Your ball lightning explodes!
The blast of lightning engulfs the yak!!
You kill the yak!
The blast of lightning engulfs you!
The blast of lightning engulfs your ball lightning.
Your ball lightning completely resists.
Your ball lightning explodes!
The blast of lightning engulfs the plant!
The plant begins to die.
The blast of lightning engulfs the yak!!
The blast of lightning engulfs you!!
* * * LOW HITPOINT WARNING * * *
The blast of lightning engulfs the yak!! x2
You create some ball lightning! 3 ball lightnings come into view.
You swap places.
Your ball lightning explodes!
The blast of lightning engulfs your ball lightning.
Your ball lightning completely resists.
The blast of lightning engulfs the yak!!
You kill the yak!
The blast of lightning engulfs your ball lightning.
Your ball lightning completely resists.
The blast of lightning engulfs you!!
* * * LOW HITPOINT WARNING * * *
Your ball lightning explodes!
The blast of lightning engulfs your ball lightning.
Your ball lightning completely resists.
The blast of lightning engulfs the yak!
The blast of lightning engulfs the yak!!
You kill the yak!
The blast of lightning engulfs you!!
* * * LOW HITPOINT WARNING * * *
Your Ice Magic skill increases to level 2!
A nearby plant withers and dies.
Your ball lightning explodes!
The blast of lightning engulfs the yak!
The blast of lightning engulfs the yak.
You kill the yak!
The blast of lightning engulfs you!!
You die...

##..###### #.........[#
#..## ##.........##
##.P# #.#.......#.#
##...# #####..##.###
#..### #### #####.# #..#
##P.## ### ####.##
#....### #.##..####
##......## ##....##.#
###..@.....#
#.......####..........#
..#.#.....#.............
.....##.................
......##....†...........
......###...†.Y...(.....
......####..............
.......# #....Y.........
..>..#.# #.............


You could see 2 yaks.

Vanquished Creatures
  3 hydras
  4 boulder beetles
  2 two-headed ogres
  A catoblepas (Lair:3)
  Pikel (D:5)
  A manticore (D:11)
  An ugly thing (D:11)
  7 elephants (Lair:2)
  2 black mambas
  9 cane toads
  A kobold demonologist (D:12)
  6 komodo dragons
  2 rime drakes
  A polar bear (Lair:4)
  Prince Ribbit (D:7)
  28 yaks
  2 wraiths
  2 basilisks
  3 wyverns
  Menkaure (D:5)
  12 water moccasins
  3 acid dragons
  4 orc warriors
  An ice beast (D:6)
  A sky beast (D:4)
  5 black bears
  8 ogres
  10 wolves
  13 centaurs
  A phantom (D:5)
  13 bullfrogs
  2 gnoll sergeants
  9 scorpions
  4 killer bees
  5 wights (D:7)
  5 howler monkeys
  2 centaur zombies
  Crazy Yiuf (D:3)
  3 hounds
  2 jellies
  A centaur skeleton (D:6)
  3 orc priests
  2 gnoll shamans
  A bullfrog skeleton (D:7)
  4 iguanas
  2 orc wizards
  A killer bee zombie (D:7)
  A hound skeleton (D:4)
  19 gnolls
  4 howler monkey zombies
  11 adders
  10 river rats
  A shadow imp (D:5)
  2 white imps
  3 worms
  4 dart slugs
  21 orcs
  15 ball pythons
  6 bats
  10 endoplasms
  4 giant cockroaches
  9 goblins
  10 hobgoblins
  6 jackals
  5 quokkas
  A frilled lizard (Sewer)
  27 kobolds
  24 rats
389 creatures vanquished.

Vanquished Creatures (collateral kills)
  A ball lightning (Lair:3)
1 creature vanquished.

Vanquished Creatures (others)
  60 ball lightnings
  38 fungi
  79 plants
177 creatures vanquished.

Grand Total: 567 creatures vanquished

Notes
Turn   | Place    | Note
-------+----------+-------------------------------------------
     0 | D:1      | vurker the Demigod Air Elementalist began the quest for the
                  | Orb.
     0 | D:1      | Reached XP level 1. HP: 14/14 MP: 5/5
    74 | D:1      | Reached skill level 1 in Conjurations
   208 | D:1      | Reached XP level 2. HP: 14/22 MP: 1/7
   449 | D:1      | Reached skill level 3 in Air Magic
  1121 | D:1      | Reached XP level 3. HP: 25/26 MP: 6/9
  1413 | D:2      | Reached skill level 1 in Fighting
  2050 | D:2      | Reached XP level 4. HP: 35/35 MP: 6/10
  2628 | D:3      | Found a glowing drain.
  2702 | Sewer    | Entered a sewer
  3019 | Sewer    | Reached XP level 5. HP: 40/40 MP: 9/12
  3315 | Sewer    | Reached skill level 4 in Air Magic
  4603 | D:3      | Found a runed translucent door.
  4607 | D:3      | Noticed Crazy Yiuf
  4819 | D:3      | Killed Crazy Yiuf
  4820 | D:3      | Reached XP level 6. HP: 26/48 MP: 12/14
  5011 | D:4      | Learned a level 4 spell: Airstrike
  5598 | D:4      | Reached skill level 5 in Air Magic
  5598 | D:4      | Reached XP level 7. HP: 56/56 MP: 7/16
  6480 | D:4      | Found a staircase to the Ecumenical Temple.
  6757 | D:5      | Entered Level 5 of the Dungeon
  6831 | D:5      | Noticed a wraith
  6834 | D:5      | Killed a wraith
  7102 | D:5      | Reached skill level 5 in Spellcasting
  7261 | D:5      | Noticed Pikel
  7265 | D:5      | Killed Pikel
  7266 | D:5      | Reached skill level 6 in Air Magic
  7266 | D:5      | Reached XP level 8. HP: 66/66 MP: 2/20
  7645 | D:5      | Reached skill level 7 in Air Magic
  8430 | D:5      | Noticed Menkaure
  8432 | D:5      | Killed Menkaure
  8613 | D:6      | Identified a scroll of acquirement
  8613 | D:6      | Acquired vurker's Tome of Enchanting Lightness
  8780 | D:6      | Reached XP level 9. HP: 72/72 MP: 17/22
  9500 | D:6      | Reached skill level 5 in Fighting
 10062 | D:6      | Reached skill level 8 in Air Magic
 12152 | D:7      | Noticed Prince Ribbit
 12156 | D:7      | Killed Prince Ribbit
 12157 | D:7      | Reached skill level 5 in Conjurations
 12157 | D:7      | Reached XP level 10. HP: 81/81 MP: 12/25
 12455 | D:8      | Noticed Sassenached's ghost (novice GnWn)
 12491 | D:8      | Found a runed translucent gate.
 12491 | D:8      | Found a runed translucent gate.
 12491 | D:8      | Found a runed translucent gate.
 12928 | D:8      | Found Quxzed's Armour Emporium.
 13607 | D:9      | Reached skill level 9 in Air Magic
 14195 | D:9      | Found Hymukk's Antique Armour Shop.
 14614 | D:10     | Entered Level 10 of the Dungeon
 14616 | D:10     | Noticed a four-headed hydra
 15226 | D:10     | Noticed a two-headed ogre
 15230 | D:10     | Killed a two-headed ogre
 15430 | D:10     | Killed a four-headed hydra
 15431 | D:10     | Reached skill level 10 in Air Magic
 16154 | D:11     | Reached XP level 11. HP: 91/91 MP: 0/28
 16543 | D:11     | Found a staircase to the Lair.
 16708 | D:11     | Found the ring of the Octopus King
 16715 | D:11     | Identified a ring of the Octopus King {rC+ AC+1 EV+1 Str+1
                  | Int+1 Dex+1}
 16970 | D:11     | Noticed a two-headed ogre
 16976 | D:11     | Killed a two-headed ogre
 17488 | D:11     | Noticed a boulder beetle
 17519 | D:11     | Killed a boulder beetle
 17787 | D:11     | Reached skill level 11 in Air Magic
 17929 | D:11     | Found a staircase to the Orcish Mines.
 18018 | D:12     | Reached skill level 10 in Spellcasting
 18105 | Lair:1   | Entered Level 1 of the Lair of Beasts
 19415 | Lair:2   | Found a staircase to the Shoals.
 19453 | Lair:2   | Noticed a four-headed hydra
 19460 | Lair:2   | Killed a four-headed hydra
 19460 | Lair:2   | Noticed a boulder beetle
 20352 | Lair:2   | Reached XP level 12. HP: 55/101 MP: 0/31
 20537 | Lair:2   | Learned a level 6 spell: Conjure Ball Lightning
 20890 | Lair:2   | Reached skill level 12 in Air Magic
 20921 | Lair:2   | Noticed a boulder beetle
 21028 | Lair:2   | Killed a boulder beetle
 21369 | Lair:2   | Killed a boulder beetle
 22020 | Lair:2   | Acquired the amulet of Perfectionism {RegenMP MP+9 Dex+2}
 22036 | Lair:3   | Noticed a four-headed hydra
 22062 | Lair:2   | Killed a four-headed hydra
 22249 | Lair:3   | Noticed a boulder beetle
 22259 | Lair:3   | Found a hole to the Spider Nest.
 22261 | Lair:3   | Killed a boulder beetle
 22682 | Lair:3   | Noticed a catoblepas
 22691 | Lair:3   | Killed a catoblepas
 23306 | Lair:4   | Learned a level 8 spell: Maxwell's Capacitive Coupling
 23314 | Lair:4   | Learned a level 7 spell: Ozocubu's Refrigeration
 23530 | Lair:4   | Reached skill level 1 in Ice Magic
 24171 | Lair:4   | Killed by an exploding ball lightning

Illustrated notes

Levels and vault maps discovered:
D:1:      psy_arrival_fountain, layout_basic
D:2:      layout_basic, chequers_ecumenical_altar_island,
          kennysheep_generic_room_4
D:3:      layout_basic, serial_bayou, serial_bayou_pond_d, serial_bayou_pond_b,
          serial_bayou_lagoon_a, serial_bayou_pond_e, gup_sewer_entry_bubbles,
          uniq_crazy_yiuf_cottage
D:4:      layout_cave_pods, minmay_temple_entry_offerings,
          minmay_increasing_density
D:5:      layout_basic, uniq_menkaure, uniq_pikel
D:6:      minmay_thick_lines, layout_basic
D:7:      layout_cave_pools, lemuel_crystal_altar, hangedman_decor_peaks_small,
          grunt_ogre_cave, st_stairs_11, minmay_quadrilaterals,
          uniq_prince_ribbit1
D:8:      layout_loops_ring, serial_shops, nicolae_shop_behind_doors,
          gammafunk_ghost_icy
D:9:      layout_rooms, fedhas_altar_1, serial_shops, shop,
          nicolae_elevator_lobby_plus
D:10:     layout_cave_pools, serial_column_ruins, column_ruins_square_medium,
          column_ruins_hut_ruined, column_ruins_grid_1,
          column_ruins_columns_straight, column_ruins_columns_T,
          column_ruins_open_tiny_water, column_ruins_grid_3, column_ruins_grid_4
D:11:     layout_layer_cave, due_lair_maze_entry_diamond, orc_0_dummy,
          nicolae_figureground_pulse
D:12:     layout_stronghold, nicolae_tso_swordbearing_angel, uniq_sonja,
          uniq_gastronok
Lair:1:   layout_hall_layers
Lair:2:   layout_chaotic_city, minmay_shoals_entry_centaurs,
          gauntlet_entry_generic, nicolae_quartered_pool_impasse,
          lemuel_fruit_fields
Lair:3:   layout_roguey, nicolae_spider_entry_non_spiders,
          infiniplex_staircase_pool_2, lemuel_fruit_fields
Lair:4:   layout_cave_pods, infiniplex_staircase_pool

Skill      XL: |  1  2  3  4  5  6  7  8  9 10 11 12 |
---------------+-------------------------------------+-----
Conjurations   | 1 2 3 5 |  5.0
Spellcasting   | 2 3 4 5 6 7 9 10 11 | 11.8
Air Magic      | 3 4 5 6 7 8 10 11 12 | 12.9
Fighting       | 1 2 4 5 6 8 9 |  9.0
Ice Magic      | 2 |  2.0
Dodging        | |  1.7
Stealth        | |  1.7

Action                   |  1- 3 |  4- 6 |  7- 9 | 10-12 || total
-------------------------+-------+-------+-------+-------++-------
Melee: Unarmed           |    18 |       |       |       ||    18
       Dagger            |    18 |    10 |     8 |    24 ||    60
 Cast: Shock             |   100 |   163 |    16 |    52 ||   331
       Airstrike         |       |    12 |   144 |   344 ||   500
       Conjure Ball Ligh |       |       |       |    21 ||    21
Evoke: Wand              |       |       |       |    13 ||    13
  Use: Potion            |       |     2 |       |       ||     2
       Scroll            |       |     9 |     6 |    13 ||    28
Armor: Robe              |    12 |    23 |    18 |       ||    53
       Leather armour    |       |       |       |    75 ||    75
Dodge: Dodged            |    52 |    40 |    21 |    83 ||   196

Table legend: (Time is in decaauts)
 A = Elapsed time spent in this place.
 B = Non-inter-level travel time spent in this place.
 C = Inter-level travel time spent in this place.
 D = Time resting spent in this place.
 E = Time spent auto-exploring this place.
 F = Levels seen in this place.
 G = Mean time per level.
                   A        B        C        D        E       F      G
               +--------+--------+--------+--------+--------+-----+--------+
         Total |  24249 |  23618 |    631 |   2379 |  18591 |  17 | 1426.4 |
       Dungeon |  17021 |  16655 |    366 |   1392 |  13587 |  12 | 1418.4 |
          Lair |   5993 |   5728 |    265 |    987 |   3967 |   4 | 1498.2 |
         Sewer |   1234 |   1234 |      0 |      0 |   1037 |   1 | 1234.0 |
               +--------+--------+--------+--------+--------+-----+--------+

Top non-repeatable levels by time:
     D:6: 2599 daAuts
  Lair:2: 2305 daAuts
  Lair:1: 1963 daAuts
     D:4: 1862 daAuts
     D:5: 1754 daAuts
    D:11: 1741 daAuts
     D:3: 1454 daAuts
     D:9: 1442 daAuts
     D:1: 1308 daAuts
     D:8: 1304 daAuts
    D:10: 1274 daAuts
   Sewer: 1234 daAuts
     D:7: 1166 daAuts
     D:2: 1041 daAuts
  Lair:4: 887 daAuts
